AoeStats
← arec

Arabia

510497755Analyzed
1v1 RM · 22h ago on Oct 1, 2026· 49m 42s· 2 players
Game mode
Random Map
Map size
Tiny (2 player)
Population
200
Speed
Normal
Resources
Standard
Victory
Conquest
Starting age
Dark Age
Ending age
Imperial Age
RankedLock teamsTeams togetherTeam positionsShared explorationLock speedFull tech treeHidden civsTurbo modeCheats
Victory
Defeat
🇬🇧 Saracens · United Kingdom
1323
+18
🇧🇪 Saxons · Belgium
1366
-18
arec
7:18 Loom
10:24 Feudal Age
14:29 Castle Age
32:08 Fletching
41:19 Imperial Age
43:08 Scale Mail Armor
43:18 Scale Barding Armor
Lautre nexistpa
7:32 Loom
10:23 Feudal Age
11:01 Double-Bit Axe
10:57 Horse Collar
22:16 Castle Age
22:14 Fletching
28:45 Guard Tower
29:41 Bodkin Arrow
33:15 Padded Archer Armor
34:24 Crossbowman
35:24 Leather Archer Armor
41:50 Bow Saw
45:10 Imperial Age
45:01 Wheelbarrow
46:13 Bracer
Connection lost

Rejoining the realm…

Still unreachable

The connection could not be restored.

Session expired

The server has moved on; the page needs a fresh start.